 Dungeon Crawl Stone Soup version 0.26-a0-505-g732bf3b8d2 (webtiles) character file.

Game seed: 17835890391920927986

22222 KristoblXynda the Protected (level 12, -13/100 HPs)
             Began as a Minotaur Fighter on Aug 9, 2020.
             Was a Believer of Ru.
             Mangled by an enormous slime creature (78 damage)
             ... on level 13 of the Dungeon.
             The game lasted 00:21:29 (11242 turns).

KristoblXynda the Protected (Minotaur Fighter)     Turns: 11242, Time: 00:21:30

Health: -13/100    AC: 16    Str: 24    XL:     12   Next: 61%
Magic:  20/20      EV: 12    Int:  6    God:    Ru [**....]
Gold:   879        SH: 13    Dex: 11    Spells: 11/11 levels left

rFire    . . .     SeeInvis .   w - +1 war axe (venom)
rCold    + . .     Faith    .   c - +0 kite shield
rNeg     . . .     Spirit   .   z - +2 chain mail {rC+}
rPois    .         Reflect  .   (helmet restricted)
rElec    .         Harm     .   (no cloak)
rCorr    .                      (no gloves)
MR       .....                  H - +0 pair of boots
Stlth    ..........             f - amulet of regeneration
HPRegen  0.66/turn              a - +4 ring of slaying
MPRegen  0.17/turn              u - ring of magical power

@: no status effects
A: retaliatory headbutt, horns 2, screaming 1, hated by all, missing an eye
a: Renounce Religion


You were on level 13 of the Dungeon.
You worshipped Ru.
Ru was pleased with you.
You visited 2 branches of the dungeon, and saw 14 of its levels.
You also visited: Sewer.

You collected 879 gold pieces.

Inventory:

Hand Weapons
 w - a +1 war axe of venom (weapon)
 D - a +1 whip of electrocution
Missiles
 b - 2 throwing nets (quivered)
Armour
 c - a +0 kite shield (worn)
 k - a +1 chain mail of fire resistance
 z - a +2 chain mail of cold resistance (worn)
 F - +0 swamp dragon scales
 H - a +0 pair of boots (worn)
Jewellery
 a - a +4 ring of slaying (left hand)
 f - an amulet of regeneration (around neck)
 h - an uncursed amulet of the acrobat
 u - a ring of magical power (right hand)
Wands
 r - a wand of digging (1)
 y - a wand of disintegration (16)
 A - a wand of iceblast (3)
 G - a wand of paralysis (5)
Scrolls
 g - 4 scrolls of remove curse
 l - a scroll of immolation
 m - 2 scrolls of amnesia
 n - 3 scrolls of blinking
 o - 3 scrolls of teleportation
 s - 2 scrolls of fear
 t - 8 scrolls of fog
 E - 4 scrolls of identify
Potions
 d - 3 potions of might
 e - a potion of resistance
 i - a potion of cancellation
 j - 3 potions of lignification
 p - 5 potions of flight
 q - a potion of haste
 v - a potion of magic
 x - 4 potions of curing
 B - a potion of brilliance
 C - 2 potions of mutation
Miscellaneous
 I - a phial of floods


   Skills:
 + Level 7.3 Fighting
 + Level 11.8 Axes
 + Level 12.8 Armour
 - Level 10.0 Dodging
 + Level 12.5 Shields
 - Level 5.0 Evocations


You had 11 spell levels left.
You didn't know any spells.
Your spell library contained the following spells:

 Spells                   Type           Power        Failure   Level
 Apportation              Tloc           #.....       97%         1
 Corona                   Hex            #......      97%         1
 Animate Skeleton         Necr           Unusable     N/A         1
 Summon Small Mammal      Summ           Unusable     N/A         1

Dungeon Overview and Level Annotations

Branches:
Dungeon (13/15)            Temple (1/1) D:4            Lair (0/6) D:8
    Orc (0/2) D:11          Sewer (visited)
 Vaults: D:13-14

Altars:
Ashenzari
Cheibriados
Dithmenos
Elyvilon
Fedhas
Gozag
Hepliaklqana
Kikubaaqudgha
Makhleb
Nemelex Xobeh
Okawaru
Qazlal
Ru
Sif Muna
Trog
Uskayaw
Vehumet
Wu Jian
Xom
Yredelemnul
Zin
The Shining One

Shops:
D:4 [   D:8 ![   D:12 *


Innate Abilities, Weirdness & Mutations

You reflexively headbutt those who attack you in melee.
You have a pair of horns on your head.
You occasionally shout uncontrollably at your foes.
You are hated by all.
You are missing an eye, making it more difficult to aim.


Message History

You block the bullfrog's attack. You block the slime creature's attack.
The enormous slime creature hits you but does no damage.
Unknown command.
You closely miss the bullfrog. Your headbutt misses the bullfrog.
The bullfrog is severely wounded.
You slash the enormous slime creature!
The enormous slime creature looks as sick as possible!
You barely miss the slime creature.
The bullfrog hits you but does no damage.
The slime creature hits you.
The enormous slime creature hits you but does no damage.
You block the bullfrog's attack.
You hit the bullfrog.
You kill the bullfrog!
You hit the enormous slime creature but do no damage.
You hit the slime creature.
The slime creature completely misses you.
The enormous slime creature hits you!!!!
Ouch! That really hurt!
You die...

.............
.............
...........# .
......#.. #..
<....C. #...#
#...#
.....W####z.####
#..o†@JzC....# #
###.##J##....#
.# #. ######.##
..# #. . # ##)#
..)# #
...#.#z.##....#
....a...zJ.....#
.........J....##
.............##
.$..........J.#


You could see 2 skeletal warriors, an enormous slime creature (extremely
poisoned), a slime creature, a cyclops, a wraith and an orc.

Vanquished Creatures
  Josephine (D:10)
  Harold (D:8)
  2 hydras (D:11)
  3 death yaks (D:7)
  2 two-headed ogres
  A skeletal warrior (D:13)
  Pikel (D:8)
  2 ugly things (D:12)
  A manticore (D:11)
  A cyclops (D:11)
  An oklob plant (D:9)
  A gargoyle (D:11)
  A centaur zombie (D:11)
  Maggie (D:8)
  2 centaur skeletons (D:12)
  4 trolls
  A hornet (D:11)
  4 hippogriffs
  Sigmund (D:3)
  2 shadows (D:12)
  7 wraiths
  Eustachio (D:5)
  A steam dragon (D:7)
  4 vampire mosquitoes (D:12)
  2 insubstantial wisps (D:7)
  An acid dragon (D:11)
  2 porcupines
  7 orc warriors
  2 black bears
  4 phantoms
  8 sky beasts
  An ice beast (D:6)
  An eye of draining (D:9)
  7 ogres
  10 centaurs
  2 lemures
  A big kobold (D:12)
  9 bullfrogs
  3 scorpions
  11 killer bees
  8 wights
  7 howler monkeys
  A quasit (D:6)
  6 hounds
  13 jellies
  6 orc priests
  2 bullfrog skeletons
  Jessica (D:3)
  A hell rat (D:8)
  5 iguanas
  13 orc wizards
  11 worker ants
  2 hound skeletons (D:9)
  5 gnolls
  A howler monkey zombie (D:5)
  28 adders
  4 river rats
  A shadow imp (D:9)
  2 white imps
  An ufetubus (D:6)
  15 oozes
  3 worms
  The ghost of IsvaffelMax the Sneak, a weakling PaDe of Fedhas (D:6)
  2 dart slugs
  5 leopard geckos
  41 orcs
  6 bats
  9 giant cockroaches
  11 goblins
  11 hobgoblins
  6 jackals
  7 quokkas
  11 ball pythons
  9 frilled lizards
  A jackal skeleton (D:6)
  15 kobolds
  A leopard gecko skeleton (D:7)
  A leopard gecko zombie (D:5)
  A quokka skeleton (D:9)
  32 rats
  2 fungi (D:9)
425 creatures vanquished.

Vanquished Creatures (others)
  A wyvern (D:10)
  A centaur (D:11)
  An orc priest (D:11)
  A rat (D:6)
  4 fungi (D:9)
8 creatures vanquished.

Grand Total: 433 creatures vanquished

Notes
Turn   | Place    | Note
-------+----------+-------------------------------------------
     0 | D:1      | KristoblXynda the Minotaur Fighter began the quest for the
                  | Orb.
     0 | D:1      | Reached XP level 1. HP: 19/19 MP: 0/0
   124 | D:1      | Reached XP level 2. HP: 27/27 MP: 1/1
   169 | D:1      | Reached skill level 1 in Dodging
   228 | D:1      | Reached XP level 3. HP: 33/33 MP: 2/2
   869 | D:2      | Reached XP level 4. HP: 40/40 MP: 3/3
  1290 | D:3      | Found a glowing drain.
  1300 | Sewer    | Entered a sewer
  1321 | Sewer    | Reached XP level 5. HP: 44/47 MP: 4/4
  1572 | Sewer    | Reached skill level 5 in Shields
  1572 | Sewer    | Reached skill level 5 in Fighting
  1572 | Sewer    | Reached skill level 5 in Armour
  1572 | Sewer    | Reached XP level 6. HP: 37/56 MP: 5/5
  1940 | D:3      | Noticed Sigmund
  1940 | D:3      | Noticed Jessica
  1962 | D:3      | Killed Jessica
  1973 | D:3      | HP: 1/56 [something (10)]
  1998 | D:3      | Killed Sigmund
  1998 | D:3      | Reached skill level 5 in Axes
  1998 | D:3      | Reached XP level 7. HP: 10/62 MP: 6/6
  2850 | D:4      | Found Gaegunka's Antique Armour Shop.
  2952 | D:4      | Found a staircase to the Ecumenical Temple.
  2961 | Temple   | Entered the Ecumenical Temple
  3008 | Temple   | Became a worshipper of Ru the Awakened
  3120 | D:5      | Entered Level 5 of the Dungeon
  3309 | D:5      | Noticed Eustachio
  3331 | D:5      | Killed Eustachio
  3331 | D:5      | Reached XP level 8. HP: 67/70 MP: 7/7
  3534 | D:5      | Found a burning altar of Makhleb.
  3891 | D:6      | Reached skill level 5 in Dodging
  4170 | D:6      | Gained mutation: You are hated by all. [Ru sacrifice]
  4170 | D:6      | Reached * piety under Ru
  4204 | D:6      | Found a runed translucent door.
  4280 | D:6      | Reached XP level 9. HP: 67/75 MP: 8/8
  4538 | D:6      | Found a runed translucent door.
  4540 | D:6      | Noticed IsvaffelMax's ghost (weakling PaDe)
  4573 | D:6      | Killed IsvaffelMax's ghost
  4784 | D:6      | Found an ancient bone altar of Kikubaaqudgha.
  5977 | D:8      | Found Seuggi's Distillery.
  6068 | D:8      | Noticed a death yak
  6069 | D:8      | Found a staircase to the Lair.
  6069 | D:8      | Noticed a death yak
  6118 | D:7      | Killed a death yak
  6118 | D:7      | Reached XP level 10. HP: 43/83 MP: 9/9
  6287 | D:8      | Noticed a death yak
  6298 | D:7      | Killed a death yak
  6372 | D:7      | Killed a death yak
  6567 | D:8      | Noticed Harold
  6578 | D:8      | Killed Harold
  6578 | D:8      | Reached skill level 10 in Axes
  6578 | D:8      | Reached skill level 10 in Armour
  6602 | D:8      | Noticed Pikel
  6606 | D:8      | Killed Pikel
  6619 | D:8      | Found Neodonau's Antique Armour Shoppe.
  6714 | D:8      | Reached skill level 10 in Shields
  6853 | D:8      | Found an ornate altar of the Wu Jian Council.
  6902 | D:8      | Found a hazy altar of Hepliaklqana.
  6902 | D:8      | Found a faded altar of an unknown god.
  6902 | D:8      | Noticed Maggie
  6913 | D:8      | Killed Maggie
  7099 | D:8      | Found an iron altar of Okawaru.
  7101 | D:8      | Found a white marble altar of Elyvilon.
  7105 | D:8      | Found a faded altar of an unknown god.
  7108 | D:8      | Gained mutation: You are missing an eye, making it more
                  | difficult to aim. [Ru sacrifice]
  7108 | D:8      | Reached ** piety under Ru
  7161 | D:9      | Reached XP level 11. HP: 73/89 MP: 10/10
  7418 | D:9      | Noticed a two-headed ogre
  7425 | D:9      | Killed a two-headed ogre
  7425 | D:9      | Reached skill level 1 in Evocations
  7486 | D:9      | Noticed an oklob plant
  7616 | D:9      | Killed an oklob plant
  7935 | D:9      | Found a sparkling altar of Nemelex Xobeh.
  8173 | D:10     | Entered Level 10 of the Dungeon
  8173 | D:10     | Noticed Josephine
  8189 | D:10     | Killed Josephine
  8322 | D:10     | Found a hide-covered altar of Uskayaw.
  9110 | D:11     | Reached skill level 10 in Dodging
  9199 | D:11     | Found a staircase to the Orcish Mines.
  9396 | D:11     | Gained mutation: You occasionally shout uncontrollably at
                  | your foes. [Ru sacrifice]
  9472 | D:11     | Noticed a six-headed hydra
  9485 | D:11     | Killed a seven-headed hydra
  9495 | D:11     | Reached XP level 12. HP: 32/96 MP: 11/11
  9554 | D:11     | Noticed a six-headed hydra
  9623 | D:11     | Killed a six-headed hydra
  9699 | D:11     | Noticed a two-headed ogre
  9711 | D:11     | Killed a two-headed ogre
 10096 | D:11     | You fall into a shaft and drop 1 floor!
 10209 | D:12     | Reached skill level 5 in Evocations
 10380 | D:12     | Found Saotseto's General Store.
 10993 | D:12     | Found a snail-covered altar of Cheibriados.
 11242 | D:13     | Mangled by an enormous slime creature

Illustrated notes

Levels and vault maps discovered:
D:1:      tarquinn_simple_flora_water_f, layout_basic
D:2:      layout_rooms
D:3:      layout_loops_cross, portal_sewer_entry_b, dk_noncrumbling_4,
          uniq_jessica, uniq_sigmund
D:4:      layout_rooms, minmay_temple_entry_poolview, serial_shops,
          nicolae_shop_crystal, lightli_corner_chamber
D:5:      layout_basic, makhleb_blood_cavern_becter, uniq_eustachio
D:6:      layout_gridville, kiku_gazebo_garden_becter, ebering_ghost_sewer_f
D:7:      layout_gridville, hangedman_misty_isle
D:8:      layout_rooms, lemuel_round_altar, chequers_temple_overflow_minitemple,
          dpeg_lair_monsters, serial_shops, nicolae_shop_behind_doors,
          kennysheep_mini, roderic_serpentine_path, minmay_misc_feat_square,
          uniq_pikel, uniq_harold, uniq_maggie
D:9:      lemuel_slime, layout_basic, nemelex_spade_bored_becter
D:10:     layout_cave_pods, basic_altar, chequers_serial_rivers_small_b,
          uniq_josephine
D:11:     minmay_s_stair_smasher, layout_loops_ring, orc_0_dummy,
          hangedman_decor_points
D:12:     layout_long_grid, serial_shops, shop_coins, basic_altar
D:13:     layout_cave_pools, david_vaults_1, gauntlet_entry_generic,
          portal_ice_cave_entry_imps
Temple:   kb_temple_of_zot

Skill      XL: |  1  2  3  4  5  6  7  8  9 10 11 12 |
---------------+-------------------------------------+-----
Fighting       | 4 5 6 7 |  7.3
Dodging        | 1 2 4 5 7 8 10 | 10.0
Armour         | 4 5 6 7 9 10 12 | 12.8
Shields        | 4 5 6 8 10 11 12 | 12.5
Axes           | 3 4 5 6 7 9 10 11 | 11.8
Evocations     | 4 5 |  5.0

Action                   |  1- 3 |  4- 6 |  7- 9 | 10-12 || total
-------------------------+-------+-------+-------+-------++-------
Melee: War axe           |    68 |   214 |   332 |   622 ||  1236
       Headbutt          |    17 |    25 |    55 |   130 ||   227
       Whip              |       |       |       |     6 ||     6
Invok: Sacrifice Love    |       |       |     1 |       ||     1
       Sacrifice an Eye  |       |       |       |     1 ||     1
       Sacrifice Purity  |       |       |       |     1 ||     1
Evoke: Wand              |       |       |     1 |    18 ||    19
  Use: Scroll            |       |     8 |    10 |     3 ||    21
       Potion            |       |     6 |     1 |     4 ||    11
 Stab: Invisible         |       |       |       |     3 ||     3
       Distracted        |       |       |       |     3 ||     3
Armor: Scale mail        |    16 |       |       |       ||    16
       Chain mail        |    21 |   143 |   167 |   194 ||   525
Dodge: Dodged            |    23 |    64 |   128 |   221 ||   436
Block: Kite shield       |    41 |    48 |   197 |   382 ||   668
       Buckler           |       |    25 |    14 |       ||    39

Table legend: (Time is in decaauts)
 A = Elapsed time spent in this place.
 B = Non-inter-level travel time spent in this place.
 C = Inter-level travel time spent in this place.
 D = Time resting spent in this place.
 E = Time spent auto-exploring this place.
 F = Levels seen in this place.
 G = Mean time per level.
                   A        B        C        D        E       F      G
               +--------+--------+--------+--------+--------+-----+--------+
         Total |  11474 |  11054 |    420 |   2172 |   5665 |  15 |  764.9 |
       Dungeon |  10884 |  10479 |    405 |   2113 |   5525 |  13 |  837.2 |
        Temple |    110 |     95 |     15 |      0 |     90 |   1 |  110.0 |
         Sewer |    479 |    479 |      0 |     59 |     50 |   1 |  479.0 |
               +--------+--------+--------+--------+--------+-----+--------+

Top non-repeatable levels by time:
     D:7: 1317 daAuts
     D:6: 1253 daAuts
    D:11: 1120 daAuts
    D:12: 1111 daAuts
     D:9: 1043 daAuts
     D:3: 848 daAuts
     D:8: 841 daAuts
    D:10: 814 daAuts
     D:1: 810 daAuts
     D:5: 603 daAuts
     D:4: 587 daAuts
     D:2: 493 daAuts
   Sewer: 479 daAuts
  Temple: 110 daAuts
    D:13: 38 daAuts
